 Dungeon Sprint DCSS version 0.30-a0-937-ga0a21ad780 (webtiles) character file.

Game seed: 4521749191640929141

2912 BigDaddyOpFi the Cleaver (level 9, -2/141 HPs)
             Began as a Hill Orc Berserker on Mar 24, 2023.
             Was a High Priest of Trog.
             Slain by Agnes
             ... wielding a +1 spectral lajatang
              (4 damage)
             ... in the Dungeon (Sprint IV: "Fedhas' Mad Dash").
             The game lasted 00:04:18 (3062 turns).

BigDaddyOpFi the Cleaver (Hill Orc Berserker)       Turns: 3062, Time: 00:04:19

Health: -2/141     AC: 18    Str: 24    XL:     9   Next: 78%
Magic:  3/3        EV: 10    Int:  7    God:    Trog [*****.]
Gold:   217        SH:  0    Dex: 10    Spells: 8/8 levels left

rFire   . . .      SeeInvis .    j - +1 hand axe (antimagic)
rCold   + . .      Faith    .    (no shield)
rNeg    . . .      Spirit   .    l - +1 plate armour {rC+}
rPois   .          Reflect  .    i - +0 helmet
rElec   .          Rampage  .    (no cloak)
rCorr   .          NoTele   +    (no gloves)
Will    .....                    (no boots) Stlth
                                 k - amulet of invisibility {+Inv}
HPRegen 0.43/turn                (no ring)
MPRegen 0.08/turn                (no ring)

@: berserking (expiring), very quick
A: no striking features
a: Renounce Religion, Evoke Invisibility, Berserk, Trog's Hand, Brothers in Arms


You were in the Dungeon.
You worshipped Trog.
Trog was extremely pleased with you.
You visited 1 branch You collected 217 gold pieces.

Inventory:

Hand Weapons
 j - a +1 antimagic hand axe (weapon)
Armour
 b - the -2 pair of gloves "Nadereas" {rElec Will+}
   (You found it in the Dungeon)

   rElec:     It insulates you from electricity.
   Will:      It increases your willpower.
 i - a +0 helmet (worn)
 l - a +1 plate armour of cold resistance (worn)
Jewellery
 k - the amulet of invisibility (around neck) {+Inv}
   (You found it in the Dungeon)

   [amulet of nothing]

   +Inv:      It lets you turn invisible.
Scrolls
 h - a scroll of blinking
Potions
 c - a potion of curing
 d - a potion of heal wounds
 e - a potion of haste
 f - 2 potions of magic
 g - a potion of berserk rage


   Skills:
 + Level 13.7 Fighting
 + Level 14.8 Axes
 + Level 12.3 Armour
 + Level 9.6 Dodging


You had 8 spell levels left.
You didn't know any spells.
Your spell library was empty.

Dungeon Overview and Level Annotations

Branches:
Dungeon (1/1)

Altars:
Cheibriados
Dithmenos
Elyvilon
Gozag
Hepliaklqana
Kikubaaqudgha
Makhleb
Nemelex Xobeh
Okawaru
Qazlal
Ru
Sif Muna
Trog
Uskayaw
Vehumet
Wu Jian
Xom
Yredelemnul
Zin
The Shining One
Beogh
Jiyva
Lugonu

Shops:
D [[

Annotations:
D Agnes


Message History

Agnes is moderately wounded.
Unknown command.
You hit Agnes.
Agnes is moderately wounded.
Agnes hits you with a +1 spectral lajatang!
* * * LOW HITPOINT WARNING * * *
Unknown command.
You miss Agnes.
Agnes is moderately wounded.
Agnes hits you but does no damage.
Unknown command.
You are too berserk!
You are too berserk!
You slice Agnes!!
Agnes is heavily wounded.
Agnes barely misses you.
Unknown command.
You slash Agnes!
Agnes is severely wounded.
Unknown command.
You miss Agnes.
Agnes is severely wounded.
Agnes hits you with a +1 spectral lajatang.
* * * LOW HITPOINT WARNING * * *
Unknown command.
You closely miss Agnes.
Agnes is severely wounded.
Agnes barely misses you.
Unknown command.
You slash Agnes!
Agnes is severely wounded.
Unknown command.
You miss Agnes.
Agnes is severely wounded.
Agnes misses you.
Unknown command.
You closely miss Agnes.
Agnes is severely wounded.
Agnes hits you with a +1 spectral lajatang.
You die...

####################### #
.#.⌠._._._._.⌠.#.(+...# .#
.+.._._)_._._..+..#...# .P+
.#..._._._._...#..###+##.!!#
##.._._._._._..#..##∩∩.+..f#
.#._._._._._.⌠.#############
.##################
##♣♣♣♣♣..♣.###.'@[+
'......♣..♣##:.#i.#
#♣..♣♣♣.♣).###)##'#
#.♣♣..♣...♣'...#♣.♣ ##
#############... ♣..♣ ....
♣.... #####


You could see Agnes.

Vanquished Creatures
  A spriggan druid (D)
  3 oklob plants (D)
  2 burning bushes (D)
  A wandering mushroom (D)
  A queen bee (D)
  2 scorpions (D)
  4 killer bees (D)
  5 oklob saplings (D)
  2 spriggans (D)
  A river rat (D)
  A rat (D)
23 creatures vanquished.

Vanquished Creatures (others)
  A ballistomycete spore (D)
1 creature vanquished.

Grand Total: 24 creatures vanquished

Notes
Turn   | Place    | Note
-------+----------+-------------------------------------------
     0 | D        | BigDaddyOpFi the Hill Orc Berserker began the quest for the
                  | Orb.
     0 | D        | Reached XP level 1. HP: 19/19 MP: 1/1
    16 | D        | Reached XP level 2. HP: 21/28 MP: 2/2
   171 | D        | Noticed an oklob sapling
   179 | D        | Killed an oklob sapling
   180 | D        | Reached skill level 5 in Fighting
   180 | D        | Reached skill level 5 in Axes
   180 | D        | Reached XP level 3. HP: 36/36 MP: 3/3
   322 | D        | Noticed a scorpion
   322 | D        | Found the amulet of invisibility {+Inv}
   325 | D        | Killed a scorpion
   325 | D        | Reached ** piety under Trog
   326 | D        | Reached skill level 6 in Axes
   326 | D        | Reached skill level 5 in Armour
   326 | D        | Reached XP level 4. HP: 44/44 MP: 4/4
   400 | D        | Found an opulent altar of Gozag.
   400 | D        | Found a hazy altar of Hepliaklqana.
   400 | D        | Found a burning altar of Makhleb.
   400 | D        | Found a roughly hewn altar of Beogh.
   400 | D        | Found a sparkling altar of Nemelex Xobeh.
   400 | D        | Found a snail-covered altar of Cheibriados.
   400 | D        | Found a sacrificial altar of Ru.
   400 | D        | Found a shimmering blue altar of Sif Muna.
   400 | D        | Found a shimmering altar of Xom.
   400 | D        | Found a basalt altar of Yredelemnul.
   443 | D        | Found a viscous altar of Jiyva.
   443 | D        | Found a bloodstained altar of Trog.
   443 | D        | Found an ornate altar of the Wu Jian Council.
   443 | D        | Noticed an oklob sapling priest
   444 | D        | Found an iron altar of Okawaru.
   444 | D        | Found a shadowy altar of Dithmenos.
   444 | D        | Found a glowing silver altar of Zin.
   445 | D        | Found an ancient bone altar of Kikubaaqudgha.
   445 | D        | Found a hide-covered altar of Uskayaw.
   446 | D        | Found a stormy altar of Qazlal.
   446 | D        | Found a white marble altar of Elyvilon.
   446 | D        | Found a glowing golden altar of the Shining One.
   447 | D        | Found a corrupted altar of Lugonu.
   447 | D        | Found a radiant altar of Vehumet.
   459 | D        | Killed an oklob sapling priest
   460 | D        | Reached skill level 7 in Axes
   460 | D        | Reached XP level 5. HP: 52/52 MP: 5/5
   727 | D        | Reached skill level 8 in Axes
   784 | D        | Reached skill level 5 in Dodging
   784 | D        | Reached *** piety under Trog
   785 | D        | Reached skill level 9 in Axes
   785 | D        | Reached XP level 6. HP: 31/61 MP: 6/6
  1130 | D        | Found Wynao's Armour Shop.
  1130 | D        | Found Quzam's Antique Armour Emporium.
  1139 | D        | Noticed a burning bush
  1139 | D        | Noticed a wandering mushroom
  1235 | D        | Noticed a queen bee
  1250 | D        | Killed a queen bee
  1251 | D        | Reached skill level 10 in Axes
  1251 | D        | Reached XP level 7. HP: 71/71 MP: 7/7
  1252 | D        | Reached **** piety under Trog
  1253 | D        | Reached skill level 10 in Fighting
  1257 | D        | Reached skill level 11 in Axes
  1406 | D        | Noticed a burning bush
  1409 | D        | Identified the -2 pair of gloves "Nadereas" {rElec Will+}
  1420 | D        | Killed a burning bush
  1421 | D        | Reached XP level 8. HP: 81/81 MP: 8/8
  1480 | D        | Noticed a burning bush
  1480 | D        | Noticed an oklob plant
  1633 | D        | Noticed an oklob plant
  1642 | D        | Killed an oklob plant
  1643 | D        | Reached skill level 12 in Axes
  1643 | D        | Reached skill level 10 in Armour
  1788 | D        | Noticed a wandering mushroom
  2033 | D        | Killed a burning bush
  2034 | D        | Reached skill level 13 in Axes
  2040 | D        | Killed a wandering mushroom
  2041 | D        | Reached XP level 9. HP: 91/91 MP: 9/9
  2300 | D        | Killed an oklob plant
  2305 | D        | Reached ***** piety under Trog
  2531 | D        | Noticed a spriggan druid
  2540 | D        | Killed a spriggan druid
  2541 | D        | Reached skill level 14 in Axes
  2602 | D        | Noticed an oklob plant conjurer
  2608 | D        | Killed an oklob plant conjurer
  2608 | D        | Received a gift from Trog
  3036 | D        | Noticed Agnes
  3054 | D        | HP: 6/141 [Agnes/+1 spectral lajatang (14)]
  3058 | D        | HP: 2/141 [Agnes/+1 spectral lajatang (5)]
  3062 | D        | Slain by Agnes

Illustrated notes

Levels and vault maps discovered:
D:        dungeon_sprint_fedhas [sprint_temple]

Skill      XL: |  1  2  3  4  5  6  7  8  9 |
---------------+----------------------------+-----
Fighting       | 4 5 6 7 8 9 10 12 13 | 13.7
Armour         | 3 4 5 7 8 9 11 12 | 12.3
Dodging        | 2 3 4 5 6 7 8 9 |  9.6
Axes           | 5 6 7 9 10 11 13 14 | 14.8

Action                     |  1- 3 |  4- 6 |  7- 9 || total
---------------------------+-------+-------+-------++-------
  Melee: Hand axe          |    16 |    38 |    88 ||   142
 Invoke: Berserk           |     3 |     6 |     8 ||    17
         Trog's Hand       |       |     1 |       ||     1
Ability: Evoke Invisibilit |       |     2 |     2 ||     4
   Stab: Invisible         |       |     2 |     3 ||     5
 Armour: Ring mail         |       |    10 |     5 ||    15
         Plate armour      |       |       |     5 ||     5
  Dodge: Dodged            |     5 |    14 |    18 ||    37

Table legend: (Time is in decaauts)
 A = Elapsed time spent in this place.
 B = Non-inter-level travel time spent in this place.
 C = Inter-level travel time spent in this place.
 D = Time resting spent in this place.
 E = Time spent auto-exploring this place.
 F = Levels seen in this place.
 G = Mean time per level.
                   A        B        C        D        E       F      G
               +--------+--------+--------+--------+--------+-----+--------+
         Total |   3170 |   3170 |      0 |   2731 |      0 |   1 | 3170.0 |
       Dungeon |   3170 |   3170 |      0 |   2731 |      0 |   1 | 3170.0 |
               +--------+--------+--------+--------+--------+-----+--------+

Top non-repeatable levels by time:
       D: 3170 daAuts
